 Dungeon Crawl Stone Soup version 0.32-a0-932-g5467873 (webtiles) character file.

Game seed: 4162885515970796907

9396 EngineV8 the Fighter (level 11, -6/83 (90) HPs)
             Began as a Human Gladiator on Apr 13, 2024.
             Was a Believer of Ru.
             Shot with an arrow by a centaur warrior (19 damage)
             ... on level 12 of the Dungeon.
             The game lasted 00:42:42 (13240 turns).

EngineV8 the Fighter (Human Gladiator)             Turns: 13240, Time: 00:42:42

HP:   -6/83 (90)    AC: 21    Str: 17    XL:     11   Next: 45%
MP:   11/11         EV: 12    Int:  8    God:    Ru [**....]
Gold: 547           SH: 10    Dex: 17    Spells: 6/10 levels left

rFire   + . .        a - +1 long sword (protect)
rCold   . . .        q - +0 kite shield
rNeg    . . .        z - +3 ring mail
rPois   .            c - +0 helmet
rElec   .            h - +1 cloak
rCorr   .            (no gloves)
SInv    +            g - +0 pair of boots
Will    +....        (no amulet)
Stlth   ++           s - ring of protection from fire
HPRegen 0.33/turn    f - ring of see invisible
MPRegen 0.12/turn

%: no passive effects
@: mighty, brilliant, under a protective aura, enlightened, flying, hasted,
drained, very quick
A: inability to use devices, explore regen
a: Renounce Religion


You were on level 12 of the Dungeon.
You worshipped Ru.
Ru was pleased with you.
You visited 3 branches of the dungeon, and saw 14 of its levels.
You also visited: Sewer.

You collected 661 gold pieces.
You spent 114 gold pieces at shops.

Inventory:

Hand Weapons
 a - a +1 long sword of protection (weapon)
 b - a +1 dagger of venom
 t - a +2 whip of freezing
Missiles
 e - a javelin
 j - 80 stones
 y - a boomerang
 C - 5 poisoned darts
 J - a curare-tipped dart {!f}
Armour
 c - a +0 helmet (worn)
 g - a +0 pair of boots (worn)
 h - a +1 cloak (worn)
 q - a +0 kite shield (worn)
 z - a +3 ring mail (worn)
 H - a +0 plate armour
Jewellery
 f - a ring of see invisible (right hand)
 s - a ring of protection from fire (left hand)
 F - a ring of poison resistance
Scrolls
 d - a scroll of enchant weapon
 r - a scroll of immolation
 u - a scroll of revelation {!r}
 x - a scroll of vulnerability
 E - a scroll of silence {!r}
Potions
 A - a potion of might
 K - a potion of mutation


   Skills:
 - Level 10.0 Fighting
 * Level 6.5 Long Blades
 - Level 3.0 Staves
 - Level 4.0 Throwing
 - Level 6.0 Armour
 - Level 8.0 Dodging
 - Level 4.0 Stealth
 * Level 6.5 Shields


You had 6 spell levels left.
You knew the following spells:

 Your Spells              Type           Power      Damage    Failure   Level
f - Lesser Beckoning      Tloc           0%         N/A       95%         2
v - Blink                 Tloc           0%         N/A       95%         2

Your spell library contained the following spells:

 Spells                   Type           Power      Damage    Failure   Level
 Call Imp                 Summ           0%         N/A       95%         2
 Momentum Strike          Conj/Tloc      0%         3d8       95%         2
 Scorch                   Fire           0%         2d5       95%         2
 Sublimation of Blood     Necr           0%         N/A       95%         2
 Passwall                 Erth           0%         N/A       99%         3
 Teleport Other           Tloc           0%         N/A       99%         3
 Volatile Blastmotes      Fire/Tloc      0%         2d10      99%         3
 Flame Wave               Conj/Fire      0%         2d4       100%        4
 Fulminant Prism          Conj/Alch      0%         3d5       100%        4
 Ignite Poison            Fire/Alch      0%         N/A       100%        4
 Iskenderun's Mystic Bla Conj/Tloc 0%             2d3        (+2d1     100%        4
 Sticky Flame             Fire/Alch      0%         2d4       100%        4
 Vhi's Electric Charge    Tloc/Air       0%         N/A       100%        4
 Alistair's Intoxication  Alch           0%         N/A       100%        5
 Arcjolt                  Conj/Air       0%         1d10      100%        5
 Borgnjor's Vile Clutch   Necr/Erth      0%         N/A       100%        5
 Bombard                  Conj/Erth      0%         9d1       100%        6
 Dispersal                Tloc           0%         N/A       100%        6
 Eringya's Noxious Bog    Alch           0%         4d6       100%        6
 Gell's Gavotte           Tloc           0%         2d(11-16) 100%        6
 Plasma Beam              Fire/Air       0%         2x1d10    100%        6
 Summon Cactus Giant      Summ           0%         N/A       100%        6
 Summon Hydra             Summ           0%         N/A       100%        7
 Ignition                 Fire           0%         3d3       100%        8


Dungeon Overview and Level Annotations

Branches:
Dungeon (12/15) Zot: 26947  Temple (1/1) D:7 Zot: 5896    Lair (1/5) D:9 Zot: 5856
  Sewer (visited)
    Orc: D:9-12

Altars:
Ashenzari
Cheibriados
Dithmenos
Elyvilon
Fedhas
Gozag
Hepliaklqana
Kikubaaqudgha
Makhleb
Nemelex Xobeh
Okawaru
Qazlal
Ru
Sif Muna
Trog
Uskayaw
Vehumet
Wu Jian
Xom
Yredelemnul
Zin
The Shining One

Shops:
D:7 *

Annotations:
D:7 2 runed translucent doors, 10x100sm's ghost, novice FoFi
D:9 1 transporter, exclusion: vampire
D:11 Josephine
D:12 Kirke


Innate Abilities, Weirdness & Mutations

You cannot study or use magical devices.
You regain HP and MP as you explore.


Message History

You regained 29 hp, and now have 57/83 hp.
Unknown command.
You cannot evoke magical items.
Unknown command.
It was a potion of lignification.
You feel woody for a moment.
Your extra speed is starting to run out.
You block the fire elemental's attack.
The boulder beetle stops rolling and uncurls.
It was a potion of magic.
Magic courses through your body. You block the fire elemental's attack.
The centaur warrior shoots an arrow.
The arrow hits you! You block the fire elemental's attack.
You take 9 damage, and have 48/83 hp.
Unknown command.
It was a potion of brilliance.
You feel clever all of a sudden.
The storm dragon begins to attack, but is stunned by your conviction!
The boulder beetle is engulfed in blazing flames.
The fire elemental closely misses you.
The centaur warrior shoots an arrow.
The arrow closely misses you.
The fire elemental is stunned by your conviction and fails to attack.
You feel more buoyant.
The wolf spider changes into a glowing shapeshifter!
The centaur warrior shoots an arrow.
You block the arrow. The fire elemental hits you. The fire elemental burns you!
You resist.
You take 6 damage, and have 42/83 hp.
Unknown command.
You cannot evoke magical items.
Throw: 3 darts (atropa)
Press: ? - help, Q - select action, (/) - cycle Shift-Dir - straight line, f - six-headed hydra
Aim: a six-headed hydra (moderately wounded, 81% to hit, chance to blind on hit: 3%)
You throw an atropa-tipped dart.
The atropa-tipped dart closely misses the storm dragon.
The atropa-tipped dart hits the six-headed hydra!
The six-headed hydra resists.
The six-headed hydra is moderately wounded.
The fire elemental hits you. The fire elemental burns you! You resist.
You take 2 damage, and have 40/83 hp.
Throw: 2 darts (atropa)
Press: ? - help, Q - select action, (/) - cycle Shift-Dir - straight line, f/p - six-headed hydra
Aim: a six-headed hydra (moderately wounded, 81% to hit, chance to blind on hit: 3%)
You throw an atropa-tipped dart.
The atropa-tipped dart hits the storm dragon.
The storm dragon resists.
The storm dragon is lightly wounded.
You hear a sizzling splash.
The glowing shapeshifter changes into a troll!
The centaur warrior shoots an arrow.
The arrow barely misses you. The fire elemental misses you.
Throw: dart (atropa)
Press: ? - help, Q - select action, (/) - cycle Shift-Dir - straight line, f/p - six-headed hydra
Aim: a six-headed hydra (moderately wounded, 81% to hit, chance to blind on hit: 3%)
You throw an atropa-tipped dart.
The atropa-tipped dart hits the storm dragon!
The storm dragon resists.
The storm dragon is lightly wounded.
You hear a sizzling splash.
The storm dragon bites you.
The storm dragon claws you but does no damage.
You block the storm dragon's attack.
The centaur warrior shoots an arrow.
You block the arrow. The fire elemental barely misses you.
You take 1 damage, and have 40/83 hp.
Unknown command.
You hit the storm dragon.
Your weapon exudes an aura of protection.
The storm dragon is lightly wounded.
The centaur warrior shoots an arrow.
You block the arrow.
You block the storm dragon's attack. x2; The storm dragon misses you.
The centaur warrior shoots an arrow.
The arrow misses you.
The centaur warrior shoots an arrow.
The arrow hits you!
The fire elemental is stunned by your conviction and fails to attack.
You take 9 damage, and have 31/83 hp.
You hit the storm dragon.
The storm dragon is lightly wounded.
You feel yourself slow down.
The centaur warrior shoots an arrow.
You block the arrow. The storm dragon closely misses you.
The storm dragon claws you but does no damage.
You block the storm dragon's attack.
You feel yourself speed up.
The troll changes into a lindwurm!
The centaur warrior shoots an arrow.
You block the arrow. You block the fire elemental's attack.
You redirect the storm dragon's attack!
The storm dragon breathes lightning at the six-headed hydra.
The bolt of lightning hits the six-headed hydra!!
The centaur warrior shoots an arrow.
The arrow hits you!
* * * LOW HITPOINT WARNING * * *
The fire elemental completely misses you.
You hear a shout!
You take 11 damage, and have 20/83 hp.
You feel very mighty all of a sudden.
The lindwurm changes into a moth of wrath!
The storm dragon bites you but does no damage.
The storm dragon claws you!
* * * LOW HITPOINT WARNING * * *
The storm dragon tramples you but does no damage.
Kirke begins to cast a spell, but is stunned by your conviction!
You redirect the boulder beetle's attack!
The centaur warrior shoots an arrow.
The arrow hits you!!
You die...
Ru respects your ultimate sacrifice.

#≈≈≈ #≈≈≈ #≈§≈
#≈≈§ ##########
######
#§≈≈§≈≈.≈≈§≈≈≈#≈≈≈
#≈§≈≈§...≈≈§§≈#≈≈≈
#≈≈≈≈.....≈≈≈≈#≈≈≈
#@≈≈cV.....≈§§#§≈≈
#EDycß...ߧ§≈≈#°≈h
#EDBh.T:.....≈#≈TH
#h.@..:ß:....○○°h.
#S.....h....§§#≈..
#≈≈..ß...ß.§§≈#≈≈.
#≈≈≈...l§..§≈≈#≈≈S
#≈≈§§§§§.§§§§≈#≈§≈
#§≈≈≈≈.§.§§≈§≈#≈≈≈


You could see Kirke, a storm dragon (catching breath), a boulder beetle, a
six-headed hydra, 2 centaur warriors, a moth of wrath shaped shifter, a troll, a
basilisk, 3 hogs, 2 fire elementals, a vampire (invisible) and a lava snake.

Vanquished Creatures
  A two-headed ogre (D:8)
  An ugly thing (D:10)
  A manticore (D:11)
  Joseph (D:9)
  A cane toad (Lair:1)
  A yaktaur (D:11)
  Psyche (D:11)
  A troll (D:9)
  Grinder (D:5)
  2 wraiths
  Sigmund (D:5)
  A wyvern (D:7)
  A basilisk (Lair:1)
  8 yaks
  5 vampire mosquitoes (D:10)
  2 steam dragons (D:8)
  An acid dragon (D:7)
  3 water moccasins
  2 orc warriors
  Pargi (Sewer)
  A sky beast (Temple)
  An ice beast (D:7)
  2 black bears (D:6)
  3 wolves (Lair:1)
  3 centaurs
  6 ogres
  A kobold brigand (D:8)
  A brain worm (Sewer)
  2 bullfrogs (D:7)
  A gnoll sergeant (D:8)
  2 scorpions
  13 killer bees
  An electric eel (D:11)
  A jelly (D:6)
  3 orc priests
  A bombardier beetle (D:4)
  5 hounds
  A gnoll bouda (D:6)
  Jessica (D:2)
  8 orc wizards
  11 gnolls
  5 adders
  A river rat (D:4)
  2 ufetubi (D:6)
  2 ribbon worms
  A dart slug (D:1)
  22 orcs
  15 bats
  5 endoplasms
  5 giant cockroaches
  5 goblins
  6 hobgoblins
  2 jackals (D:4)
  3 quokkas
  7 ball pythons
  A frilled lizard (D:3)
  18 kobolds
  18 rats
222 creatures vanquished.

Notes
Turn   | Place    | Note
-------+----------+-------------------------------------------
     0 | D:1      | EngineV8 the Human Gladiator began the quest for the Orb.
     0 | D:1      | Reached XP level 1. HP: 16/16 MP: 1/1
   109 | D:1      | Reached skill level 1 in Stealth
   286 | D:1      | Reached XP level 2. HP: 23/23 MP: 2/2
   589 | D:1      | Reached skill level 3 in Fighting
   958 | D:2      | Noticed Jessica
   971 | D:2      | Killed Jessica
   972 | D:2      | Reached XP level 3. HP: 30/30 MP: 3/3
   977 | D:2      | Found a faded altar of an unknown god.
  1121 | D:2      | Reached skill level 4 in Fighting
  1121 | D:2      | Reached XP level 4. HP: 37/37 MP: 4/4
  2512 | D:4      | Reached XP level 5. HP: 33/43 MP: 5/5
  2566 | D:4      | Found a glowing drain.
  2573 | Sewer    | Entered a sewer
  2619 | Sewer    | Reached skill level 5 in Fighting
  2685 | Sewer    | Noticed Pargi
  2699 | Sewer    | Killed Pargi
  2700 | Sewer    | Reached skill level 6 in Fighting
  2700 | Sewer    | Reached XP level 6. HP: 39/52 MP: 6/6
  3030 | D:4      | Reached XP level 7. HP: 42/58 MP: 7/7
  3174 | D:4      | Found a bloodstained altar of Trog.
  3184 | D:4      | Found a shadowy altar of Dithmenos.
  3188 | D:4      | Found a stormy altar of Qazlal.
  3191 | D:4      | Found a snail-covered altar of Cheibriados.
  3394 | D:4      | Reached skill level 1 in Evocations
  3694 | D:5      | Entered Level 5 of the Dungeon
  3755 | D:5      | Noticed Grinder
  3780 | D:5      | Killed Grinder
  3781 | D:5      | Reached skill level 5 in Dodging
  3781 | D:5      | Reached XP level 8. HP: 55/65 MP: 8/8
  4351 | D:5      | Reached skill level 7 in Fighting
  4372 | D:5      | Noticed Sigmund
  4381 | D:5      | Killed Sigmund
  4432 | D:5      | Found a glowing golden altar of the Shining One.
  5089 | D:6      | Reached skill level 8 in Fighting
  5089 | D:6      | Reached skill level 1 in Armour
  5403 | D:6      | Reached XP level 9. HP: 58/74 MP: 9/9
  5683 | D:7      | Reached skill level 5 in Armour
  5893 | D:7      | Found a staircase to the Ecumenical Temple.
  5920 | Temple   | Entered the Ecumenical Temple
  5950 | Temple   | Became a worshipper of Ru the Awakened
  6051 | D:7      | Found a large runed translucent door.
  6052 | D:7      | Found a large runed translucent door.
  6115 | D:7      | Learned a level 2 spell: Blink
  6118 | D:7      | Learned a level 2 spell: Lesser Beckoning
  6626 | D:7      | Found Hexokk's CLEARANCE SALE!.
  6630 | D:7      | Bought a scroll of identify for 8 gold pieces
  6630 | D:7      | Bought a wand of flame (8) for 22 gold pieces
  6630 | D:7      | Bought a wand of light (5) for 84 gold pieces
  7069 | D:7      | Noticed 10x100sm's ghost (novice FoFi)
  7551 | D:8      | Found the +2 Maxwell's thermic engine {flame, freeze, rev}
  7553 | D:8      | Noticed a two-headed ogre
  7553 | D:8      | Noticed a two-headed ogre
  7618 | D:8      | Noticed a centaur warrior
  7618 | D:8      | Noticed a troll
  7619 | D:8      | Noticed a purple ugly thing
  7619 | D:8      | Noticed a centaur warrior
  7775 | D:8      | Noticed a rime drake
  7848 | D:8      | Reached skill level 9 in Fighting
  7848 | D:8      | Reached XP level 10. HP: 15/83 MP: 10/10
  8106 | D:8      | Noticed a two-headed ogre
  8579 | D:8      | Killed a two-headed ogre
  8582 | D:8      | Gained mutation: You cannot study or use magical devices.
                  | [Ru sacrifice]
  8582 | D:8      | Reached * piety under Ru
  8582 | D:8      | Reached ** piety under Ru
  9559 | D:9      | Found a staircase to the Lair.
  9580 | D:8      | Reached skill level 1 in Long Blades
  9652 | D:8      | Reached skill level 1 in Shields
  9670 | D:9      | Noticed Joseph
  9686 | D:9      | Killed Joseph
 10659 | D:9      | Found a sparkling altar of Nemelex Xobeh.
 10659 | D:9      | Found a transporter.
 10659 | D:9      | Noticed a cyclops
 10660 | D:9      | Noticed a white ugly thing
 10890 | D:10     | Entered Level 10 of the Dungeon
 11006 | D:9      | Reached skill level 10 in Fighting
 11250 | Lair:1   | Entered Level 1 of the Lair of Beasts
 11277 | Lair:1   | Noticed a cane toad
 11286 | Lair:1   | Reached XP level 11. HP: 85/90 MP: 11/11
 11335 | Lair:1   | Reached skill level 5 in Long Blades
 11335 | Lair:1   | Reached skill level 5 in Shields
 12371 | D:11     | Noticed a manticore
 12379 | D:11     | Killed a manticore
 12477 | D:11     | Noticed a red ugly thing
 12516 | D:10     | Killed a red ugly thing
 12623 | D:11     | Noticed Psyche
 12728 | D:11     | Killed Psyche
 13176 | D:11     | Noticed Josephine
 13182 | D:12     | Noticed a red ugly thing
 13187 | D:12     | Noticed a manticore
 13192 | D:12     | Noticed a manticore
 13195 | D:12     | Noticed a skeletal warrior
 13199 | D:12     | Noticed a manticore
 13199 | D:12     | Noticed a centaur warrior
 13199 | D:12     | Noticed a centaur warrior
 13199 | D:12     | Noticed Kirke
 13208 | D:12     | Noticed a boulder beetle
 13209 | D:12     | Noticed a six-headed hydra
 13210 | D:12     | Noticed a storm dragon
 13218 | D:12     | a human changed into a wolf spider
 13218 | D:12     | Noticed a wolf spider (glowing shapeshifter)
 13233 | D:12     | a wolf spider changed into a glowing shapeshifter
 13233 | D:12     | Noticed a glowing shapeshifter (glowing shapeshifter)
 13235 | D:12     | a glowing shapeshifter changed into a troll
 13239 | D:12     | a troll changed into a lindwurm
 13239 | D:12     | Noticed a lindwurm (glowing shapeshifter)
 13240 | D:12     | a lindwurm changed into a moth of wrath
 13240 | D:12     | Noticed a moth of wrath (glowing shapeshifter)
 13240 | D:12     | Shot with an arrow by a centaur warrior

Illustrated notes

Levels and vault maps discovered:
D:1:      nicolae_arrival_washed_ashore, layout_loops_corners
D:2:      layout_basic, hellmonk_ecumenical_altar_blasted, minmay_crystal_room,
          bh_walls_and_bars, uniq_jessica
D:3:      layout_basic
D:4:      layout_loops_ring, nicolae_overflow_macrodata_refinement,
          lightli_sewer_entry_pipes, moated_statue
D:5:      layout_gridville, tso_oasis_becter, uniq_grinder, uniq_sigmund
D:6:      layout_cave_pools
D:7:      layout_basic, temple_green, ebering_ghost_disaster_area,
          nicolae_shop_clearance
D:8:      layout_rooms, minivault_12
D:9:      layout_cave_pools, grunt_nemelex_the_gamble, uniq_joseph
D:10:     layout_small_grid
D:11:     layout_roguey, erik_orc_2, lightli_fourway_metalbox, uniq_snorg,
          uniq_josephine, uniq_psyche
D:12:     kennysheep_four_of_diamonds, layout_basic, uniq_kirke
Temple:   eino_temple_rhombus
Lair:1:   layout_small_grid, gammafunk_ghost_hive, kennysheep_abandoned_house

Skill      XL: |  1  2  3  4  5  6  7  8  9 10 11 |
---------------+----------------------------------+-----
Stealth        | 1 2 4 |  4.0
Fighting       | 3 4 6 8 9 10 | 10.0
Dodging        | 4 5 6 7 8 |  8.0
Throwing       | 3 4 |  4.0
Evocations     | 2 3 0 |  0.0
Armour         | 3 6 |  6.0
Long Blades    | 4 6 |  6.5
Shields        | 4 6 |  6.5
Staves         | |  3.0

Action                     |  1- 3 |  4- 6 |  7- 9 | 10-12 || total
---------------------------+-------+-------+-------+-------++-------
  Melee: Quarterstaff      |    54 |   180 |   428 |    42 ||   704
         Unarmed           |     5 |       |       |       ||     5
         Dagger            |       |       |       |   208 ||   208
         Long sword        |       |       |       |   202 ||   202
  Throw: Throwing net      |     2 |     1 |     3 |     4 ||    10
         Dart              |       |     4 |    15 |    35 ||    54
         Stone             |       |     1 |    15 |       ||    16
         Boomerang         |       |       |     2 |    25 ||    27
 Invoke: Sacrifice Artific |       |       |       |     1 ||     1
  Evoke: Wand              |       |       |    14 |     1 ||    15
    Use: Scroll            |       |     4 |     4 |    13 ||    21
         Potion            |       |     1 |     3 |    12 ||    16
   Stab: Sleeping          |     1 |     1 |     2 |       ||     4
         Distracted        |       |       |     2 |     3 ||     5
         Invisible         |       |       |     1 |     1 ||     2
         Held in net/web   |       |       |     1 |       ||     1
 Armour: Leather armour    |    12 |       |       |       ||    12
         Ring mail         |    18 |   163 |   392 |   353 ||   926
         Scale mail        |       |       |       |    61 ||    61
  Dodge: Dodged            |    34 |   134 |   410 |   329 ||   907
  Block: Kite shield       |       |       |       |   294 ||   294

Table legend: (Time is in decaauts)
 A = Elapsed time spent in this place.
 B = Non-inter-level travel time spent in this place.
 C = Inter-level travel time spent in this place.
 D = Time resting spent in this place.
 E = Time spent auto-exploring this place.
 F = Levels seen in this place.
 G = Mean time per level.
                   A        B        C        D        E       F      G
               +--------+--------+--------+--------+--------+-----+--------+
         Total |  13502 |  13036 |    466 |   3898 |   5027 |  15 |  900.1 |
       Dungeon |  13070 |  12624 |    446 |   3788 |   5027 |  12 | 1089.2 |
        Temple |    103 |     83 |     20 |     47 |      0 |   1 |  103.0 |
          Lair |    143 |    143 |      0 |      0 |      0 |   1 |  143.0 |
         Sewer |    185 |    185 |      0 |     63 |      0 |   1 |  185.0 |
               +--------+--------+--------+--------+--------+-----+--------+

Top non-repeatable levels by time:
     D:8: 2167 daAuts
     D:7: 1805 daAuts
     D:9: 1310 daAuts
     D:5: 1245 daAuts
     D:4: 1116 daAuts
     D:6: 1096 daAuts
    D:10: 1031 daAuts
     D:1: 943 daAuts
     D:3: 930 daAuts
    D:11: 761 daAuts
     D:2: 609 daAuts
   Sewer: 185 daAuts
  Lair:1: 143 daAuts
  Temple: 103 daAuts
    D:12: 51 daAuts
